 Dungeon Crawl Stone Soup version 0.25-a0-185-g6cfeca75b2 (webtiles) character file.

Game seed: 3270692766421438549, levelgen mode: deterministic

0 MrRokkomies the Skirmisher (level 1, -10/19 HPs)
             Began as a Ghoul Abyssal Knight on Nov 28, 2019.
             Was a Follower of Lugonu.
             Mangled by a thrashing horror (16 damage)
             ... on level 1 of the Abyss.
             The game lasted 00:00:15 (65 turns).

MrRokkomies the Skirmisher (Ghoul Abyssal Knight)     Turns: 65, Time: 00:00:15

Health: -10/19     AC:  3    Str: 15    XL:     1   Next: 0%
Magic:  1/1        EV: 11    Int:  7    God:    Lugonu [*.....]
Gold:   0          SH:  0    Dex:  8    Spells: 0/0 levels left

rFire    . . .     SeeInvis .   a - +1 mace
rCold    + . .     Gourm    .   (no shield)
rNeg     + + +     Faith    .   b - +0 leather armour
rPois    ∞         Spirit   .   (no helmet)
rElec    .         Reflect  .   (no cloak)
rCorr    .         Harm     .   (no gloves)
MR       .....                  (no boots)
Stlth    +.........             (no amulet)
HPRegen  0.00/turn              (no ring)
MPRegen  0.07/turn              (no ring)

@: rotting
A: rotting body, claws 1, carnivore, cold resistance 1, negative energy
resistance 3, inhibited regeneration, torment resistance, unbreathing
a: Depart the Abyss, Renounce Religion


You were on level 1 of the Abyss.
You worshipped Lugonu.
Lugonu was aware of your devotion.
You were not hungry.

You visited 0 branches of the dungeon, and saw 0 of its levels.
You visited the Abyss 1 time.

Inventory:

Hand Weapons
 a - a +1 mace (weapon)
Armour
 b - a +0 leather armour (worn)
Comestibles
 c - a ration


   Skills:
 + Level 3.2 Fighting
 + Level 1.7 Maces & Flails
 + Level 1.7 Armour
 + Level 0.8 Dodging
 + Level 2.0 Invocations


You couldn't memorise any spells.
You didn't know any spells.
Your spell library was empty.

Dungeon Overview and Level Annotations

Branches:
Dungeon (0/15)

Altars:


Innate Abilities, Weirdness & Mutations

Your body is rotting away.
You thrive on raw meat.
You are immune to poison.
You have sharp fingernails.
You are carnivorous and can eat meat at any time.
Your flesh is cold resistant. (rC+)
You are immune to negative energy. (rN+++)
You do not regenerate when monsters are visible.
You are immune to unholy pain and torment.
You can survive without breathing.


Message History

Found a corrupted altar of Lugonu.
Found a shadowy altar of Dithmenos.
A tentacled starspawn comes into view.
Tentacles burst from the starspawn's body! 2 starspawn tentacles come into view.
Tentacles burst from the starspawn's body! 2 starspawn tentacles come into view.
Found a robe.
A thrashing horror comes into view.
The thrashing horror barely misses you.
The thrashing horror closely misses you.
The thrashing horror tramples you.
You stumble backwards!
The thrashing horror roars!
The thrashing horror tramples you.
You hold your ground!
The thrashing horror tramples you!
You hold your ground!
Unknown command.
The thrashing horror roars!
The thrashing horror tramples you!
Ouch! That really hurt!
You die...

### #. .# ## #.
##.# #..#.. ..X
..#.#.#...... .#.
......#.# ..# #.
....... ##.. #.
..#.# ....###
####...# ####. ## .
#.X@...####. .#.#
.. ##......#.#.
.#.#.. ###..#...#.
.. .#.
#..#...#.###.#....
###.#...##...##.#..
###..... .# ##.#
#...##.##..# .#
#.##.. ...#.[.## #.
.# ##.## #.#


You could see a thrashing horror.

Vanquished Creatures (others)
  4 starspawn tentacles (Abyss:1)
4 creatures vanquished.

Notes
Turn   | Place    | Note
-------+----------+-------------------------------------------
     0 | Abyss:1  | MrRokkomies the Ghoul Abyssal Knight began the quest for
                  | the Orb.
     0 | Abyss:1  | Reached XP level 1. HP: 19/19 MP: 1/1
    35 | Abyss:1  | Found a shadowy altar of Dithmenos.
    37 | Abyss:1  | Noticed a tentacled starspawn
    59 | Abyss:1  | Noticed a thrashing horror
    65 | Abyss:1  | Mangled by a thrashing horror

Levels and vault maps discovered:
Abyss:1:  hangedman_relentless_pull, bh_abyss_xom_lugonu_altar

Action                   || total
-------------------------++-------
Dodge: Dodged            ||     2

Table legend:
 A = Non-vault XP
 B = Vault XP
 C = Vault XP percentage of total XP
 D = Non-vault monster count
 E = Vault monster count
 F = Vault count percentage of total count
                 A         B        C        D         E       F
            +---------+---------+-------+---------+---------+-------
      Total |       0 |       0 |   N/A |       0 |       0 |  -nan
            +---------+---------+-------+---------+---------+-------
            +---------+---------+-------+---------+---------+-------
